 Dungeon Crawl Stone Soup version 0.21-a0-476-gd103f4b (webtiles) character file.

24481 4thArraOfDagon the Executioner (level 12, -3/90 HPs)
             Began as a Minotaur Berserker on Nov 22, 2017.
             Was a High Priest of Trog.
             Slain by a glaive of flaming (6 damage)
             ... on level 2 of the Elven Halls on Nov 23, 2017.
             The game lasted 00:28:21 (3598 turns).

4thArraOfDagon the Executioner (Minotaur Berserker) Turns: 3598, Time: 00:28:22

Health: -3/90      AC: 16    Str: 31    XL:     12   Next: 81%
Magic:  9/11       EV: 15    Int:  4    God:    Trog [*****.]
Gold:   206        SH:  0    Dex: 21    Spells: 11/11 levels left

rFire    + . .     SeeInvis .   M - +2 broad axe (elec)
rCold    + . .     Gourm    .   (no shield)
rNeg     + . .     Faith    +   a - +4 chain mail of Lugonu's Approval {rN+ Dex+2}
rPois    +         Spirit   .   (helmet restricted)
rElec    +         Reflect  .   O - +0 cloak
rCorr    +         Harm     .   (no gloves)
MR       ++...                  (no boots)
Stlth    ..........             s - amulet of faith
HPRegen  1.25/turn              C - +3 ring of dexterity
MPRegen  0.12/turn              (no ring)

@: mighty, agile, resistant, regenerating, studying Unarmed Combat
A: retaliatory headbutt, horns 2
a: Berserk, Trog's Hand, Brothers in Arms, Burn Spellbooks, Renounce Religion


You were on level 2 of the Elven Halls.
You worshipped Trog.
Trog was extremely pleased with you.
You were not hungry.

You visited 3 branches of the dungeon, and saw 16 of its levels.
You also visited: Labyrinth, Ossuary and Bailey.

You collected 1093 gold pieces.
You spent 887 gold pieces at shops.

Inventory:

Hand Weapons
 e - the +9 glaive of Cruel Justice {venom, Int+3}
   (You found it in a bailey)

   It poisons the flesh of those it strikes.
   It affects your intelligence (+3).
 f - a +2 antimagic battleaxe
 t - a +0 hand axe of venom
 M - a +2 broad axe of electrocution (weapon)
 W - a +0 morningstar of protection
Missiles
 I - a throwing net (quivered)
Armour
 a - the +4 chain mail of Lugonu's Approval (worn) {rN+ Dex+2}
   (You bought it in a shop on level 2 of the Orcish Mines)

   It affects your dexterity (+2).
   It protects you from negative energy.
 O - a +0 cloak (worn)
 X - a +1 buckler of protection
Jewellery
 s - an amulet of faith (around neck)
 z - an uncursed ring of fire
 C - a +3 ring of dexterity (left hand)
Wands
 q - a wand of digging (20)
 u - a wand of polymorph (25)
 S - a wand of acid (12)
 T - a wand of disintegration (12)
Scrolls
 h - 4 scrolls of blinking
 j - 5 scrolls of remove curse
 k - 3 scrolls of noise
 l - a scroll of enchant armour
 y - 4 scrolls of teleportation
 B - a scroll of fog
 G - 2 scrolls of fear
 K - a scroll of enchant weapon
Potions
 g - 3 potions of agility
 m - 4 potions of flight
 n - a potion of berserk rage
 v - 3 potions of brilliance
 E - 2 potions of curing
 H - a potion of might
 J - a potion of mutation
 L - a potion of magic
 P - 2 potions of haste
 Q - a potion of lignification
Books
 U - the Tome of Creative Transformation
   (You found it in a labyrinth)

   Spells                             Type                      Level
   a - Summon Small Mammal            Summoning                    1
   b - Spider Form                    Transmutation/Poison         3
   c - Petrify                        Transmutation/Earth          4
   d - Summon Forest                  Summoning/Translocation      5
   e - Summon Demon                   Summoning                    5
   Trog disapproves of the use of such an item.
 V - a manual of Unarmed Combat
Miscellaneous
 N - a sack of spiders
Comestibles
 c - 5 bread rations
 d - 4 meat rations


   Skills:
 - Level 3.6 Fighting
 * Level 22.0 Axes
 + Level 8.7 Armour
 - Level 2.1 Dodging


You had 11 spell levels left.
You didn't know any spells.

Dungeon Overview and Level Annotations

Branches:
Dungeon (11/15)            Temple (0/1) D:4             Orc (2/2) D:10
    Elf (3/3) Orc:2
   Lair: D:8-11

Altars:
Makhleb
Nemelex Xobeh
Okawaru
Ru
Xom
Zin
Beogh

Shops:
D:6 ?   D:10 ?   Orc:2 :[*}   Elf:2 *


Innate Abilities, Weirdness & Mutations

You reflexively headbutt those who attack you in melee.
You have a pair of horns on your head.


Message History

The smoke demon gestures at you. The ball of steam hits you! You resist.
* * * LOW HITPOINT WARNING * * *
Unknown command.
Unknown command.
You slice the smoke demon!!
You kill the smoke demon!
Unknown command.
You closely miss the mace of protection.
Your headbutt misses the mace of protection.
The mace of protection hits you but does no damage.
Unknown command.
You slice the mace of protection like a ripe choko!!!
The mace of protection falls from the air.
Trog accepts your kill.
Unknown command.
You feel better. The glaive of flaming hits you!!
* * * LOW HITPOINT WARNING * * *
The glaive of flaming burns you.
You die...

.l..##(####.....####
...,*##.##.......#
## ..,,*
##e#...)...# #.#
.,,,* ##E###'####
#.# ,,,,* ##e##.#
#.# ***** ##(#># #§#
**,** #.#e.# #.#
**,,,** #.###.###§#
*,,,,,*#.# #(.#@#
,,,,,,((# #.#(##
,,,8,...* #.##.#
,,,,P..** #.# #.#
*,,,..** #.# #.#
**,,,*+** #.# #.#
**,***,****#+#** ##
*** **,**,,,,,** **
**+,,,,,,,**


You could see a glaive of flaming.

Vanquished Creatures
  An orc warlord (Bailey)
  An ettin (Orc:2)
  A minotaur (Lab)
  A two-headed ogre (D:8)
  2 dancing weapons
  The ghost of Daviar the Magician, a novice GnEE of Ashenzari (D:7)
  4 deep elf magi
  2 orc knights
  8 orc sorcerers
  A cyclops (Orc:2)
  A gargoyle (D:10)
  A hippogriff (D:7)
  An air elemental (Elf:2)
  A hungry ghost (D:10)
  13 wargs
  20 orc warriors
  3 ice beasts
  A phantom (D:7)
  4 wolves (Orc:2)
  A sky beast (D:7)
  4 ogres
  A centaur (D:10)
  2 crocodiles (D:7)
  2 elf skeletons (D:8)
  A bullfrog (D:7)
  An earth elemental (Elf:1)
  2 scorpions (D:10)
  6 killer bees (D:10)
  A water moccasin skeleton (D:5)
  4 howler monkeys
  5 crimson imps
  3 hounds
  A human zombie (D:8)
  13 orc priests
  2 human skeletons (D:8)
  35 orc wizards
  5 worker ants
  8 mummies (Ossuary)
  2 hound skeletons
  10 gnolls
  7 adders
  A shadow imp (D:8)
  A worm (D:3)
  A leopard gecko (D:3)
  85 orcs
  A bat (D:1)
  4 giant cockroaches
  13 goblins
  3 hobgoblins
  14 jackals
  A quokka (D:5)
  A frilled lizard (D:5)
  A gnoll zombie (Ossuary)
  3 hobgoblin zombies (Ossuary)
  12 kobolds
  A kobold zombie (Ossuary)
  3 orc zombies (Ossuary)
328 creatures vanquished.

Vanquished Creatures (others)
  An orc wizard (Orc:2)
  An orc (D:7)
2 creatures vanquished.

Grand Total: 330 creatures vanquished

Notes
Turn   | Place    | Note
-------+----------+-------------------------------------------
     0 | D:1      | 4thArraOfDagon the Minotaur Berserker began the quest for the Orb.
     0 | D:1      | Reached XP level 1. HP: 19/19 MP: 0/0
    82 | D:1      | Reached skill level 4 in Axes
   155 | D:2      | Found a glowing silver altar of Zin.
   165 | D:3      | Reached XP level 2. HP: 26/26 MP: 1/1
   174 | D:3      | Noticed a howler monkey
   193 | D:3      | Killed a howler monkey
   193 | D:3      | Reached skill level 5 in Axes
   193 | D:3      | Reached XP level 3. HP: 31/31 MP: 2/2
   283 | D:4      | Reached skill level 6 in Axes
   283 | D:4      | Reached XP level 4. HP: 35/39 MP: 3/3
   355 | D:3      | Found a sparkling altar of Nemelex Xobeh.
   366 | D:3      | Reached ** piety under Trog
   402 | D:3      | Reached skill level 7 in Axes
   402 | D:3      | Reached XP level 5. HP: 25/45 MP: 4/4
   404 | D:3      | Found an iron altar of Okawaru.
   446 | D:4      | Found a staircase to the Ecumenical Temple.
   610 | D:5      | Entered Level 5 of the Dungeon
   639 | D:5      | Found a sacrificial altar of Ru.
   651 | D:5      | Reached skill level 8 in Axes
   718 | D:7      | Noticed an ogre
   723 | D:7      | Reached XP level 6. HP: 51/51 MP: 5/5
   731 | D:7      | Noticed Daviar's ghost (novice GnEE)
   735 | D:6      | Found Zuasch's Magic Scroll Shop.
   776 | D:5      | Reached skill level 9 in Axes
   855 | D:6      | Reached XP level 7. HP: 54/57 MP: 6/6
   856 | D:6      | Bought a scroll of blinking for 90 gold pieces
   856 | D:6      | Bought a scroll of identify for 24 gold pieces
   881 | D:6      | Got a distressingly furry leather armour
   915 | D:7      | Reached skill level 10 in Axes
   926 | D:7      | Killed Daviar's ghost
   926 | D:7      | Reached skill level 11 in Axes
   926 | D:7      | Reached XP level 8. HP: 47/64 MP: 7/7
   926 | D:7      | Reached skill level 12 in Axes
  1005 | D:7      | Noticed a hippogriff
  1020 | D:7      | Killed a hippogriff
  1020 | D:7      | Reached skill level 13 in Axes
  1191 | D:8      | Found a deep blue altar of Sif Muna.
  1191 | D:8      | Noticed a two-headed ogre
  1193 | D:8      | Found a shimmering altar of Xom.
  1193 | D:8      | Found a snail-covered altar of Cheibriados.
  1200 | D:8      | Killed a two-headed ogre
  1200 | D:8      | Reached skill level 14 in Axes
  1200 | D:8      | Reached XP level 9. HP: 70/70 MP: 8/8
  1201 | D:8      | Found a bloodstained altar of Trog.
  1201 | D:8      | Found a burning altar of Makhleb.
  1201 | D:8      | Found a radiant altar of Vehumet.
  1305 | D:8      | Reached skill level 15 in Axes
  1333 | D:8      | Found a burning altar of Makhleb.
  1367 | D:8      | Found a sand-covered staircase.
  1373 | D:8      | Reached *** piety under Trog
  1377 | Ossuary  | Entered an ossuary
  1726 | D:9      | Found a flagged portal.
  1736 | Bailey   | Entered a bailey
  1741 | Bailey   | Noticed an orc warlord
  1762 | Bailey   | Noticed an orc knight
  1768 | Bailey   | Killed an orc knight
  1768 | Bailey   | Reached skill level 16 in Axes
  1777 | Bailey   | Reached **** piety under Trog
  1800 | Bailey   | Found a runed gate.
  1802 | Bailey   | Found a runed gate.
  1818 | Bailey   | Found a runed gate.
  1887 | Bailey   | Killed an orc warlord
  1887 | Bailey   | Reached skill level 17 in Axes
  1887 | Bailey   | Reached XP level 10. HP: 77/77 MP: 9/9
  1908 | Bailey   | Reached skill level 19 in Axes
  1908 | Bailey   | Reached XP level 11. HP: 72/82 MP: 10/10
  1910 | Bailey   | Got a translucent glaive
  1918 | Bailey   | Identified a scroll of acquirement
  1925 | Bailey   | 4thArraOfDagon: :(
  1983 | D:10     | Entered Level 10 of the Dungeon
  2000 | D:10     | Found Qouruk's Magic Scroll Emporium.
  2014 | D:10     | Bought a scroll of magic mapping for 49 gold pieces
  2014 | D:10     | Bought a scroll of teleportation for 42 gold pieces
  2014 | D:10     | Bought a scroll of magic mapping for 49 gold pieces
  2014 | D:10     | Bought a scroll of identify for 28 gold pieces
  2014 | D:10     | Bought a scroll of fear for 49 gold pieces
  2014 | D:10     | Bought a scroll of identify for 28 gold pieces
  2014 | D:10     | Bought a scroll of identify for 28 gold pieces
  2014 | D:10     | Bought a scroll of identify for 28 gold pieces
  2014 | D:10     | Bought a scroll of identify for 28 gold pieces
  2075 | D:10     | HP: 5/123 [gargoyle/morningstar (21)]
  2147 | D:11     | Reached skill level 20 in Axes
  2206 | D:10     | Found a staircase to the Orcish Mines.
  2215 | Orc:1    | Entered Level 1 of the Orcish Mines
  2321 | Orc:1    | Noticed an orc sorcerer
  2328 | Orc:1    | Killed an orc sorcerer
  2454 | Orc:1    | Reached ***** piety under Trog
  2609 | Orc:2    | Entered Level 2 of the Orcish Mines
  2609 | Orc:2    | Noticed an ettin
  2616 | Orc:2    | Killed an ettin
  2667 | Orc:2    | HP: 4/82 [cyclops/large rock (18)]
  2684 | Orc:2    | Reached skill level 5 in Armour
  2765 | Orc:2    | Noticed an orc knight
  2780 | Orc:2    | Killed an orc knight
  2780 | Orc:2    | Reached XP level 12. HP: 60/90 MP: 11/11
  2789 | Orc:2    | Found a labyrinth entrance.
  2798 | Lab      | Entered a labyrinth
  2840 | Lab      | Noticed a minotaur
  2861 | Lab      | Killed a minotaur
  2868 | Lab      | Identified the Tome of Creative Transformation
  2959 | Orc:2    | Reached skill level 21 in Axes
  3013 | Orc:2    | Thaneod: dalej biedzisz z broad:P
  3048 | Orc:2    | Found Eriuhiss's Book Boutique.
  3048 | Orc:2    | Found Ineutako's Antique Armour Emporium.
  3073 | Orc:2    | Bought a smoking chain mail for 228 gold pieces
  3073 | Orc:2    | Bought a polished ring mail for 216 gold pieces
  3083 | Orc:2    | 4thArraOfDagon: nie, czekam na jakis exec :D
  3095 | Orc:2    | Found a roughly hewn altar of Beogh.
  3140 | Orc:2    | Found Piujiwev's Gadget Emporium.
  3140 | Orc:2    | Found Yjug Fel's Assorted Antiques.
  3142 | Orc:2    | Received a gift from Trog
  3258 | Orc:2    | Found a staircase to the Elven Halls.
  3292 | Orc:2    | Identified the cursed +0 ring mail of Democracy {rF- Regen+ Str+5} (You bought it in a shop on level 2 of the Orcish Mines)
  3303 | Orc:2    | Identified the +1 leather armour of Weightlessness {rN+ Dex-2 SInv} (You found it on level 6 of the Dungeon)
  3324 | Orc:2    | Identified the +4 chain mail of Lugonu's Approval {rN+ Dex+2} (You bought it in a shop on level 2 of the Orcish Mines)
  3329 | Orc:2    | Identified the +9 glaive of Cruel Justice {venom, Int+3} (You found it in a bailey)
  3332 | Elf:1    | Entered Level 1 of the Elven Halls
  3423 | Elf:2    | Found Eschemem's Assorted Antiques.
  3512 | Elf:3    | Entered Level 3 of the Elven Halls
  3560 | Elf:2    | Reached skill level 22 in Axes
  3598 | Elf:2    | HP: 3/90 [glaive of flaming (23)]
  3598 | Elf:2    | Slain by a glaive of flaming

Vault maps used:
D:1:      dpeg_arrival_round_a
D:2:      tso_oasis_becter, zin_academy, minmay_heptomino_d4, uniq_natasha
D:3:      okawaru_metal_pillars_1_2, old_standard_altar, fedhas_altar_4,
          roderic_roman_lattice, uniq_purgy
D:4:      minmay_temple_entry_steel_oval
D:5:      nicolae_ru_great_annihilating_truth, first_bread, uniq_blork_the_orc
D:6:      kennysheep_mini_moat, serial_shops, nicolae_shop_crystal,
          shop_fountains
D:8:      doesnt_xom_only_xom, amethyst_overflow_temple_binary,
          overflow_temple_1_default, nicolae_ossuary_entry_catacombs
D:9:      lightli_bailey_entry_fortress
D:10:     orc_0_dummy, serial_shops, shop, hangedman_ranch, uniq_maurice
D:11:     david_lair_generic, enter_trove_0, minmay_evil_grid
Orc:1:    lightli_orcish_oven
Orc:2:    st_orc_town, lab_entry_generic, mines5_lemuel
Elf:1:    kennysheep_underground_church, grunt_megastairs_4
Elf:2:    minmay_shop_grid_forest
Elf:3:    minmay_elf_hall_curves, st_stairs_10,
          minmay_the_grid_square_5x5_3x3_mashed
Lab:      labyrinth_mini_lab, labyrinth_glass_1, nicolae_lab_blocks,
          labyrinth_skeletal_remains, nicolae_lab_hexagon, nicolae_lab_x,
          nicolae_lab_quarters, nicolae_lab_flowing_pool
Ossuary:  ossuary_tomb_3
Bailey:   bailey_axe_bossmonster_kennysheep, bailey

Skill      XL: |  1  2  3  4  5  6  7  8  9 10 11 12 |
---------------+-------------------------------------+-----
Axes           | 4 5 6 7 8 9 11 14 17 19 20 22 | 22.0
Armour         | 5 8 |  8.7
Fighting       | |  3.6
Dodging        | |  2.1

Action                   |  1- 3 |  4- 6 |  7- 9 | 10-12 || total
-------------------------+-------+-------+-------+-------++-------
Melee: Hand axe          |    34 |    92 |   187 |     1 ||   314
       Headbutt          |     3 |    14 |    45 |    63 ||   125
       Broad axe         |       |       |       |   337 ||   337
Throw: Throwing net      |       |       |     1 |       ||     1
Invok: Berserk           |     2 |     4 |    11 |    13 ||    30
       Trog's Hand       |       |     1 |     4 |    19 ||    24
Evoke: Wand              |       |       |       |     4 ||     4
  Use: Scroll            |       |       |    14 |    15 ||    29
       Potion            |       |       |       |     8 ||     8
 Stab: Held in net/web   |       |       |     3 |       ||     3
  Eat: Chunk             |       |     6 |    11 |    21 ||    38
       Fruit             |       |       |     4 |     3 ||     7
       Royal jelly       |       |       |       |     2 ||     2
Armor: Animal skin       |     2 |       |       |       ||     2
       Ring mail         |    14 |    10 |       |       ||    24
       Chain mail        |       |    38 |   110 |    22 ||   170
       Plate armour      |       |       |       |   119 ||   119
Dodge: Dodged            |    38 |    48 |    83 |   102 ||   271

Table legend:
 A = Spawn XP
 B = Non-spawn XP
 C = Spawn XP percentage of total XP
 D = Spawn monster count
 E = Non-spawn monster count
 F = Spawn count percentage of total count
 G = Total turns spent on level
                    A         B        C        D         E        F      G
               +---------+---------+-------+---------+---------+-------+---------
         Total |       0 |   27981 |   0.0 |       0 |     328 |   0.0 |  3598
               +---------+---------+-------+---------+---------+-------+---------
           D:1 |       0 |      11 |   0.0 |       0 |       6 |   0.0 |   128
           D:3 |       0 |     174 |   0.0 |       0 |      22 |   0.0 |   261
           D:4 |       0 |     124 |   0.0 |       0 |       7 |   0.0 |   187
           D:5 |       0 |     186 |   0.0 |       0 |      11 |   0.0 |   157
           D:6 |       0 |     122 |   0.0 |       0 |       3 |   0.0 |   162
           D:7 |       0 |    1907 |   0.0 |       0 |      17 |   0.0 |   225
           D:8 |       0 |    1796 |   0.0 |       0 |      22 |   0.0 |   304
           D:9 |       0 |     407 |   0.0 |       0 |      18 |   0.0 |   137
          D:10 |       0 |    1389 |   0.0 |       0 |      14 |   0.0 |   208
          D:11 |       0 |     401 |   0.0 |       0 |       8 |   0.0 |    24
         Orc:1 |       0 |    2626 |   0.0 |       0 |      51 |   0.0 |   396
         Orc:2 |       0 |   10839 |   0.0 |       0 |     105 |   0.0 |   645
         Elf:1 |       0 |     730 |   0.0 |       0 |       2 |   0.0 |    86
         Elf:2 |       0 |    2286 |   0.0 |       0 |       4 |   0.0 |   168
         Elf:3 |       0 |    1381 |   0.0 |       0 |       2 |   0.0 |    12
           Lab |       0 |    1098 |   0.0 |       0 |       1 |   0.0 |    76
       Ossuary |       0 |     153 |   0.0 |       0 |      16 |   0.0 |   158
        Bailey |       0 |    2351 |   0.0 |       0 |      19 |   0.0 |   230
               +---------+---------+-------+---------+---------+-------+---------
